 Dungeon Crawl Stone Soup version 0.16.1-4-g8e1b745 (console) character file.

52 gw the Charlatan (level 3, 0/20 HPs)
             Began as a Deep Elf Artificer on Mar 28, 2015.
             Slain by Prince Ribbit (5 damage)
             ... on level 4 of the Dungeon.
             The game lasted 00:02:07 (1865 turns).

gw the Charlatan (Deep Elf Artificer)               Turns: 1865, Time: 00:02:07

Health: 0/20       AC:  3    Str:  8    XL:     3   Next: 60%
Magic:  7/7        EV: 13    Int: 16    God:
Gold:   72         SH:  0    Dex: 18    Spells: 0 memorised, 2 levels left

rFire  . . .     SeeInvis .     a - +0 short sword
rCold  . . .     Clarity  .     e - +0 leather armour
rNeg   . . .     SustAb   .     (no shield)
rPois  +         Gourm    .     (no helmet)
rElec  .         Spirit   .     (no cloak)
rCorr  .         Warding  .     (no gloves)
rMut   .         Stasis   .     (no boots)
MR     .....                    (no amulet)
Stlth  ++........               n - ring of poison resistance
                                l - +2 ring of dexterity

@: not resistant to hostile enchantments, unstealthy
A: no striking features
a: no special abilities


You were on level 4 of the Dungeon.
You were not hungry.

You visited 1 branch of the dungeon, and saw 4 of its levels.

You collected 72 gold pieces.

Inventory:

Hand weapons
 a - a +0 short sword (weapon)
Missiles
 s - 18 arrows of frost
Armour
 e - a +0 leather armour (worn)
Jewellery
 l - a +2 ring of dexterity (left hand)
 n - a ring of poison resistance (right hand)
Magical devices
 b - a wand of flame (10)
 c - a wand of enslavement (14)
 d - a wand of random effects (13)
Scrolls
 g - 4 scrolls of remove curse {unknown}
 h - 2 scrolls of recharging {unknown}
 i - a scroll of immolation {unknown}
 m - 3 scrolls of enchant armour {unknown}
 o - a scroll of identify {unknown}
 r - a scroll of magic mapping {unknown}
Potions
 j - a potion of brilliance {unknown}
 k - a potion of lignification {unknown}
 p - 2 potions of agility {unknown}
 q - a potion of curing {unknown}
Comestibles
 f - a bread ration


   Skills:
 + Level 1.4 Fighting
 * Level 2.5 Short Blades
 + Level 3.2 Dodging
 - Level 1.2 Stealth
 - Level 3.2 Evocations


You had 2 spell levels left.
You didn't know any spells.

Dungeon Overview and Level Annotations

Branches:
Dungeon (4/15)
 Temple: D:4-7

Altars:

Annotations:
D:4 Pikel, Prince Ribbit


Message History

Prince Ribbit flickers and vanishes!
Deactivating autopickup; reactivate with Ctrl-A.
This wand has 13 charges left.
Unknown command.
Unknown command.
Unknown command.
Unknown command.
MOVING TO (-3,-4) Unknown command.
Unknown command.
Unknown command.
ATTACKING (1,-1)
You swing at nothing.
Something hits you.
Unknown command.
Unknown command.
Unknown command.
Unknown command.
MOVING TO (2,0)
Something hits you.
You die...

.............<....
.....##....#..###
..# #......## #.
##..##..# #.
##.......### ##..
#..........#
.....#.......##...
........p##..##
...##pK.e.# ...
###..## # #...#
......# #.##.....
#. #...... .
.....#.. . ....###
...?#


You could see 2 neutral freed slaves and the friendly Pikel.

Table legend:
 A = Turns spent in this place as a percentage of turns spent in the entire game.
 B = Non-inter-level travel turns spent in this place as a percentage of non-inter-level travel turns spent in the entire game.
 C = Inter-level travel turns spent in this place as a percentage of turns spent in this place.
 D = Turns resting spent in this place as a percentage of non-inter-level travel turns spent in this place.
 E = Turns spent auto-exploring this place as a percentage of non-inter-level travel turns spent in this place.
 F = Non-inter-level travel turns spent in this place divided by the number of levels of this place that you've seen.
                   A       B       C       D       E      F
               +-------+-------+-------+-------+-------+----------------------
         Total | 100.0 | 100.0 |   2.2 |   1.6 |   2.0 | 724.2
       Dungeon | 100.0 | 100.0 |   2.2 |   1.6 |   2.0 | 724.2
               +-------+-------+-------+-------+-------+----------------------

Table legend:
 A = Kills in this place as a percentage of kills in entire the game.
 B = Kills by you in this place as a percentage of kills by you in the entire game.
 C = Kills by friends in this place as a percentage of kills by friends in the entire game.
 D = Other kills in this place as a percentage of other kills in the entire game.
 E = Experience gained in this place as a percentage of experience gained in the entire game.
 F = Experience gained in this place divided by the number of levels of this place that you have seen.
                   A       B       C       D       E      F
               +-------+-------+-------+-------+-------+----------------------
         Total | 100.0 | 100.0 |  -nan | 100.0 | 100.0 |  18.8
       Dungeon | 100.0 | 100.0 |  -nan | 100.0 | 100.0 |  18.8
               +-------+-------+-------+-------+-------+----------------------

Vanquished Creatures
  2 worms
  2 giant geckos
  2 giant cockroaches (D:1)
  2 goblins (D:1)
  5 hobgoblins (D:1)
  6 jackals
  3 kobolds (D:1)
  A ball python (D:1)
  6 bats
  A giant newt (D:1)
  5 rats
35 creatures vanquished.

Vanquished Creatures (others)
  A jackal (D:4)
1 creature vanquished.

Grand Total: 36 creatures vanquished

Notes
Turn   | Place    | Note
--------------------------------------------------------------
     0 | D:1      | gw, the Deep Elf Artificer, began the quest for the Orb.
     0 | D:1      | Reached XP level 1. HP: 11/11 MP: 2/2
   295 | D:1      | Reached skill level 1 in Fighting
   295 | D:1      | Reached XP level 2. HP: 13/16 MP: 5/5
   942 | D:1      | Reached XP level 3. HP: 16/20 MP: 7/7
  1829 | D:4      | Noticed a slave
  1830 | D:4      | Noticed Pikel
  1839 | D:4      | Noticed Prince Ribbit
  1840 | D:4      | Noticed a slave
  1842 | D:4      | Noticed a slave
  1844 | D:4      | Noticed a slave
  1865 | D:4      | Slain by Prince Ribbit

Action                   || total
-------------------------++-------
Melee: Short sword       ||   157
Evoke: Wand              ||     8
 Stab: Sleeping          ||     1
  Eat: Chunk             ||     3

Vault maps used:
D:1:      tarquinn_simple_flora_water_f
D:2:      uniq_iyjb
D:3:      minitemple, minivault_11
D:4:      minmay_temple_entry_butterflies, first_bread, uniq_menkaure,
          uniq_pikel, uniq_sigmund, uniq_prince_ribbit1
